 Dungeon Crawl Stone Soup version 0.30.1-11-g7821555f0a (webtiles) character file.

Game seed: 14787601223622902257

1229 Queen the Trooper (level 8, -3/64 HPs)
             Began as a Demonspawn Gladiator on Nov 11, 2023.
             Was an Initiate of Yredelemnul.
             Killed from afar by a steam dragon (16 damage)
             ... with a ball of steam
             ... on level 7 of the Dungeon.
             The game lasted 00:21:05 (5334 turns).

Queen the Trooper (Demonspawn Gladiator)            Turns: 5334, Time: 00:21:05

Health: -3/64      AC:  5    Str: 24    XL:     8   Next: 24%
Magic:  8/8        EV: 13    Int:  9    God:    Yredelemnul [......]
Gold:   187        SH:  0    Dex: 14    Spells: 7/7 levels left

rFire   . . .        a - +1 whip of Distraction {venom, Contam rPois Str+6 SInv}
rCold   . . .        (no shield)
rNeg    . . .        b - +0 leather armour
rPois   +            c - +0 helmet
rElec   .            u - +0 cloak
rCorr   .            (no gloves)
SInv    +            (no boots)
Will    .....        (no amulet)
Stlth   +            (no ring)
HPRegen 0.30/turn    (no ring)
MPRegen 0.22/turn

%: no passive effects
@: no status effects
A: icemail 2, magic regeneration, condensation shield, weakness stinger 1
a: Renounce Religion, Recall Undead Harvest


You were on level 7 of the Dungeon.
You worshipped Yredelemnul.
Yredelemnul was noncommittal.
You visited 2 branches of the dungeon, and saw 8 of its levels.

You collected 350 gold pieces.
You spent 163 gold pieces at shops.

Inventory:

Hand Weapons
 a - the +1 whip of Distraction (weapon) {venom, Contam rPois Str+6 SInv}
   (You took it off a hobgoblin on level 4 of the Dungeon)

   Str:       It affects your strength (+6).
   rPois:     It protects you from poison.
   SInv:      It lets you see invisible.
   Contam:    It causes magical contamination when unequipped.
Missiles
 d - 7 throwing nets
 e - a javelin
 k - 33 stones (quivered)
 w - 2 boomerangs
 x - 3 atropa-tipped darts
 C - 2 curare-tipped darts
 G - 8 poisoned darts
Armour
 b - a +0 leather armour (worn)
 c - a +0 helmet (worn)
 u - a +0 cloak (worn)
Jewellery
 p - an amulet of reflection
 q - a +6 ring of intelligence
 B - a ring of positive energy
Wands
 E - a wand of flame (9)
Scrolls
 j - 3 scrolls of noise
 l - 2 scrolls of silence
 m - a scroll of vulnerability {unknown}
 n - 3 scrolls of teleportation
 o - 4 scrolls of identify {unknown}
 r - a scroll of butterflies {unknown}
 v - a scroll of immolation {unknown}
 y - a scroll of fog {unknown}
 F - a scroll of enchant weapon {unknown}
Potions
 f - 2 potions of ambrosia {unknown}
 g - 2 potions of attraction {unknown}
 h - a potion of mutation {unknown}
 i - 5 potions of curing {unknown}
 s - a potion of might {unknown}
 t - a potion of berserk rage {unknown}
 z - 2 potions of degeneration {unknown}
 A - a potion of flight {unknown}
 D - a potion of haste {unknown}


   Skills:
 * Level 5.9 Fighting
 * Level 5.8 Maces & Flails
 + Level 4.1 Throwing
 + Level 4.6 Dodging


You had 7 spell levels left.
You didn't know any spells.
Your spell library contained the following spells:

 Spells                   Type           Power      Damage    Failure   Level
 Apportation              Tloc           0%         N/A       43%         1
 Foxfire                  Conj/Fire      0%         2x1d4     43%         1
 Freeze                   Ice            0%         1d3       43%         1
 Necrotise                Necr           0%         1d4       43%         1
 Summon Small Mammal      Summ           0%         N/A       43%         1
 Call Canine Familiar     Summ           0%         N/A       80%         3
 Frozen Ramparts          Ice            0%         1d1       80%         3
 Hailstorm                Conj/Ice       0%         3d3       80%         3
 Ozocubu's Armour         Ice            0%         N/A       80%         3
 Summon Guardian Golem    Hex/Summ       0%         N/A       80%         3
 Fireball                 Conj/Fire      0%         3d3       100%        5
 Metabolic Englaciation   Hex/Ice        0%         N/A       100%        5
 Plasma Beam              Fire/Air       0%         2x1d11    100%        6
 Starburst                Conj/Fire      0%         6d3       100%        6
 Simulacrum               Ice/Necr       Unusable   N/A       N/A         6

Dungeon Overview and Level Annotations

Branches:
Dungeon (7/15)             Temple (1/1) D:4

Altars:
Cheibriados
Gozag
Hepliaklqana
Qazlal
Sif Muna
Trog
Vehumet
Xom
Yredelemnul

Shops:
D:4 (

Annotations:
D:3 1 runed translucent door, Crazy Yiuf
D:4 exclusion: downstairs
D:6 1 runed translucent door, rendel's ghost, novice TrMo


Innate Abilities, Weirdness & Mutations

A meltable icy envelope protects you from harm. (AC +0)
You regenerate magic rapidly.
A meltable shield of frost defends you. (SH +0)
You have a small tail.


Message History

The steam dragon is lightly wounded.
The steam dragon bites you! The steam dragon barely misses you.
You hit the steam dragon but do no damage.
The steam dragon looks as sick as possible!
The steam dragon is lightly wounded.
The steam dragon breathes steam at you. The ball of steam hits you!
The steam dragon misses you. The steam dragon barely misses you.
You hit the steam dragon.
The steam dragon looks as sick as possible!
The steam dragon is moderately wounded.
The steam dragon closely misses you. x2
You barely miss the steam dragon.
You tail-slap the steam dragon, but do no damage.
The steam dragon is moderately wounded.
You hit the steam dragon.
You punch the steam dragon, but do no damage.
The steam dragon is heavily wounded.
The steam dragon breathes steam at you. The ball of steam misses you.
The steam dragon bites you.
* * * LOW HITPOINT WARNING * * *
The steam dragon closely misses you.
You closely miss the steam dragon. You tail-slap the steam dragon.
The steam dragon is severely wounded.
The steam dragon closely misses you. The steam dragon claws you.
* * * LOW HITPOINT WARNING * * *
You hit the steam dragon but do no damage.
The steam dragon looks as sick as possible!
The steam dragon is severely wounded.
The steam dragon bites you.
* * * LOW HITPOINT WARNING * * *
The steam dragon claws you.
* * * LOW HITPOINT WARNING * * *
You closely miss the steam dragon. You tail-slap the steam dragon.
The steam dragon is severely wounded.
The steam dragon breathes steam at you. The ball of steam hits you!
You die...
Your body rises from the dead as a mindless zombie.

#...#
#######...#
.....#
..........#
....#
..........#
....+
#.#######.#
.... #.#
#.# #[. #.#
#.# #.# #.#
#.######.#
#.#
#......D@#
#.#
#######§.#
#.# #§.#
#.# #..#
#.#########
#..#
#.........#
#§.#
#########.#
#... .# #.#
##.# .# #.#
..


You could see a steam dragon (extremely poisoned, catching breath).

Vanquished Creatures
  A water moccasin (D:4)
  A black bear (D:5)
  A phantom (D:6)
  2 kobold brigands (D:6)
  2 scorpions
  A howler monkey (D:5)
  A hound (D:4)
  2 jellies
  A sleepcap (D:4)
  Jessica (D:3)
  An iguana (D:6)
  An orc wizard (D:5)
  3 gnolls (D:6)
  6 adders
  3 worms
  2 dart slugs
  9 orcs
  5 endoplasms
  2 giant cockroaches
  6 goblins
  5 hobgoblins
  6 jackals (D:1)
  3 quokkas
  8 ball pythons
  3 bats
  A frilled lizard (D:2)
  17 kobolds
  5 rats
99 creatures vanquished.

Vanquished Creatures (collateral kills)
  A steam dragon (D:6)
  An ogre (D:4)
  A gnoll sergeant (D:6)
  A gnoll (D:6)
  An orc (D:5)
  A hobgoblin (D:4)
  3 training dummies (D:4)
9 creatures vanquished.

Vanquished Creatures (others)
  An adder zombie (D:6)
  An iguana zombie (D:6)
  A jelly zombie (D:6)
  2 gnoll zombies (D:6)
5 creatures vanquished.

Grand Total: 113 creatures vanquished

Notes
Turn   | Place    | Note
-------+----------+-------------------------------------------
     0 | D:1      | Queen the Demonspawn Gladiator began the quest for the Orb.
     0 | D:1      | Reached XP level 1. HP: 16/16 MP: 1/1
   171 | D:1      | Gained mutation: A meltable shield of frost defends you.
                  | (SH +0) [demonic ancestry]
   171 | D:1      | Reached XP level 2. HP: 22/22 MP: 2/2
   372 | D:1      | Found a faded altar of an unknown god.
  1067 | D:2      | Gained mutation: You regenerate magic rapidly. [demonic
                  | ancestry]
  1067 | D:2      | Reached XP level 3. HP: 17/28 MP: 3/3
  1924 | D:3      | Noticed Jessica
  1942 | D:3      | Killed Jessica
  1943 | D:3      | Gained mutation: A meltable icy envelope protects you from
                  | harm. (AC +0) [demonic ancestry]
  1943 | D:3      | Reached XP level 4. HP: 23/35 MP: 4/4
  2144 | D:3      | Found a runed translucent door.
  2145 | D:3      | Noticed Crazy Yiuf
  2651 | D:4      | Found a staircase to the Ecumenical Temple.
  2676 | Temple   | Entered the Ecumenical Temple
  2681 | Temple   | Became a worshipper of Yredelemnul the Dark
  2819 | D:4      | Gained mutation: You have a small tail. [demonic ancestry]
  2819 | D:4      | Reached XP level 5. HP: 41/41 MP: 5/5
  2872 | D:4      | Identified the +1 whip of Distraction {venom, Contam rPois
                  | Str+6 SInv}
  2963 | D:4      | Noticed an ogre
  2969 | D:4      | Killed an ogre
  2970 | D:4      | Gained mutation: A meltable icy envelope protects you from
                  | harm. (AC +0) [demonic ancestry]
  2970 | D:4      | Reached XP level 6. HP: 48/48 MP: 6/6
  2991 | D:4      | Found Exzaskul's Firing Range.
  3025 | D:4      | Bought 2 throwing nets for 78 gold pieces
  3025 | D:4      | Bought a throwing net for 39 gold pieces
  3025 | D:4      | Bought 4 atropa-tipped darts for 46 gold pieces
  3154 | D:4      | Reached * piety under Yredelemnul
  3314 | D:5      | Entered Level 5 of the Dungeon
  3314 | D:5      | Noticed a water moccasin
  3344 | D:4      | Killed a water moccasin
  3495 | D:5      | Reached XP level 7. HP: 55/55 MP: 7/7
  3640 | D:5      | Reached ** piety under Yredelemnul
  4076 | D:6      | Reached skill level 5 in Fighting
  4076 | D:6      | Reached skill level 5 in Maces & Flails
  4118 | D:6      | Found a bloodstained altar of Trog.
  4118 | D:6      | Found a faded altar of an unknown god.
  4126 | D:6      | Found a faded altar of an unknown god.
  4128 | D:6      | Found a snail-covered altar of Cheibriados.
  4130 | D:6      | Found a shimmering altar of Xom.
  4220 | D:6      | Found a stormy altar of Qazlal.
  4446 | D:6      | Reached XP level 8. HP: 9/63 MP: 8/8
  4723 | D:6      | Found a radiant altar of Vehumet.
  4774 | D:6      | Found a runed translucent door.
  5140 | D:6      | Noticed rendel's ghost (novice TrMo)
  5334 | D:7      | Killed from afar by a steam dragon

Illustrated notes

Levels and vault maps discovered:
D:1:      nzn_arrival_depleted_hourglass, layout_loops_ring,
          hellmonk_ecumenical_altar_zigzags, chequers_serial_rivers_small_3,
          nicolae_titane
D:2:      layout_basic, serial_bayou_pond_e
D:3:      layout_basic, uniq_jessica, uniq_crazy_yiuf_cottage
D:4:      layout_cave_pools, minmay_temple_entry_slanted, amethyst_killhole,
          nicolae_shop_firing_range
D:5:      layout_loops_cross
D:6:      layout_basic, vehumet_altar_wand_db, kennysheep_mini,
          chequers_temple_overflow_minitemple, ebering_ghost_reflecting_pool,
          chequers_serial_rivers_micro_e
D:7:      layout_basic
Temple:   nicolae_temple_ecumenical_triangle

Skill      XL: |  1  2  3  4  5  6  7  8 |
---------------+-------------------------+-----
Throwing       | 2 3 4 |  4.1
Maces & Flails | 3 4 5 |  5.8
Dodging        | 3 4 |  4.6
Fighting       | 3 4 5 |  5.9

Action                     |  1- 3 |  4- 6 |  7- 9 || total
---------------------------+-------+-------+-------++-------
  Melee: Flail             |   151 |       |       ||   151
         Punch             |     1 |     2 |     2 ||     5
         Club              |       |    47 |       ||    47
         Whip              |       |    58 |   103 ||   161
         Tailslap          |       |     4 |    15 ||    19
  Throw: Stone             |    13 |    12 |    22 ||    47
         Javelin           |       |     1 |     1 ||     2
         Throwing net      |       |     1 |       ||     1
         Dart              |       |       |     1 ||     1
 Invoke: Recall Undead Har |       |     1 |     4 ||     5
    Use: Scroll            |       |     3 |       ||     3
   Stab: Distracted        |     1 |     1 |       ||     2
         Sleeping          |       |     1 |       ||     1
 Armour: Leather armour    |    39 |    36 |    32 ||   107
  Dodge: Dodged            |    78 |    49 |    46 ||   173
  Block: Other             |    28 |    13 |    13 ||    54
